 Dungeon Crawl Stone Soup version 0.27-a0-262-gc50aac273e (webtiles) character file.

Game seed: 16417339186642549326

14747 kae the Grappler (level 11, 0/95 HPs)
             Began as a Black Draconian Transmuter on Feb 4, 2021.
             Was an Initiate of Ru.
             Slain by an eight-headed hydra (5 damage)
             ... on level 12 of the Dungeon.
             The game lasted 00:09:06 (15404 turns).

kae the Grappler (Black Draconian Transmuter)      Turns: 15404, Time: 00:09:07

Health: 0/95       AC: 13    Str: 16    XL:     11   Next: 92%
Magic:  19/21      EV: 15    Int: 14    God:    Ru [......]
Gold:   827        SH:  0    Dex: 11    Spells: 11/24 levels left

rFire    . . .     SeeInvis +     - Unarmed
rCold    . . .     Faith    .   (shield currently unavailable)
rNeg     . . .     Spirit   .   (armour unavailable)
rPois    .         Reflect  .   (helmet restricted)
rElec    +         Harm     .   z - +1 cloak
rCorr    .         Rampage  .   (gloves currently unavailable)
Will     .....                  (no boots)
Stlth    ..........             s - amulet of regeneration
HPRegen  0.65/turn              q - +4 ring of protection
MPRegen  0.17/turn              r - ring of see invisible

@: about to teleport, blade hands (expiring), very slow
A: breathe lightning, unfitting armour, electricity resistance, cold-blooded, no
stealth, AC +7
a: Breathe Lightning, End Transformation, Renounce Religion


You were on level 12 of the Dungeon.
You worshipped Ru.
Ru was noncommittal.
You had blades for hands.
You visited 2 branches of the dungeon, and saw 13 of its levels.

You collected 827 gold pieces.

Inventory:

Armour
 z - a +1 cloak (worn)
Jewellery
 a - a +6 ring of intelligence
 q - a +4 ring of protection (left scythe-like blade)
 r - a ring of see invisible (right scythe-like blade)
 s - an amulet of regeneration (around neck)
 w - an uncursed ring of ice
 x - an uncursed amulet of magic regeneration
Wands
 v - a wand of iceblast (6)
 C - a wand of paralysis (7)
 D - a wand of flame (44)
 E - a wand of charming (6)
 G - a wand of acid (9)
Scrolls
 b - 2 scrolls of identify
 c - 5 scrolls of enchant armour
 d - 4 scrolls of amnesia
 i - 4 scrolls of remove curse
 k - 3 scrolls of fog
 l - 2 scrolls of teleportation
 y - a scroll of blinking {unknown}
Potions
 e - 9 potions of curing
 f - 5 potions of magic
 g - 2 potions of cancellation
 h - 6 potions of attraction
 j - 2 potions of lignification {unknown}
 m - 4 potions of heal wounds
 n - 2 potions of haste
 o - a potion of berserk rage
 p - a potion of mutation
 t - 2 potions of brilliance
 u - 2 potions of might
 A - a potion of invisibility
 B - 2 potions of flight


   Skills:
 + Level 8.5 Fighting
 + Level 7.2 Dodging
 * Level 11.3 Unarmed Combat
 + Level 7.2 Spellcasting
 + Level 7.9 Transmutations
 - Level 4.0 Ice Magic
 - Level 3.0 Poison Magic


You had 11 spell levels left.
You knew the following spells:

 Your Spells              Type           Power        Failure   Level
a - Beastly Appendage     Tmut           54%          12%         1
b - Spider Form           Tmut/Pois      10%          30%         3
c - Ice Form              Ice/Tmut       21%          50%         4
d - Blade Hands           Tmut           13%          54%         5

Your spell library contained the following spells:

 Spells                   Type           Power        Failure   Level
 Wereblood                Tmut           27%          14%         2
 Sting                    Tmut/Pois      80%          19%         1
 Ignite Poison            Fire/Tmut/Pois 15%          45%         3
 Poisonous Vapours        Pois/Air       18%          50%         2
 Petrify                  Tmut/Erth      16%          69%         4
 Mephitic Cloud           Conj/Pois/Air  7%           71%         3
 Confusing Touch          Hex            5%           80%         3
 Gell's Gravitas          Tloc           2%           80%         3
 Olgreb's Toxic Radiance  Pois           13%          80%         4
 Yara's Violent Unravell  Hex/Tmut       8%           91%         5
 Metabolic Englaciation   Hex/Ice        5%           99%         5


Dungeon Overview and Level Annotations

Branches:
Dungeon (12/15)            Temple (1/1) D:5            Lair (0/6) D:9
    Orc (0/2) D:11

Altars:
Ashenzari
Cheibriados
Dithmenos
Elyvilon
Fedhas
Gozag
Hepliaklqana
Kikubaaqudgha
Makhleb
Nemelex Xobeh
Okawaru
Qazlal
Ru
Sif Muna
Trog
Uskayaw
Vehumet
Wu Jian
Xom
Yredelemnul
Zin
The Shining One


Innate Abilities, Weirdness & Mutations

You can breathe wild blasts of lightning.
Your glossy black scales are hard. (AC +7)
You cannot fit into any form of body armour.
You are resistant to electric shocks. (rElec)
You are cold-blooded and may be slowed by cold attacks.
You cannot be stealthy.


Message History

You are too injured to fight recklessly!
You are too injured to fight recklessly!
Okay, then.
There is an open door here.
Okay, then.
Okay, then.
Okay, then.
You enter the shallow water.
Moving in this stuff is going to be slow.
As you read the scroll of teleportation, it crumbles to dust.
You feel strangely unstable.
Your transformation is almost over.
The eight-headed hydra bites you. x2; The eight-headed hydra bites you! x2
* * * LOW HITPOINT WARNING * * *
The eight-headed hydra bites you but does no damage.
The eight-headed hydra bites you!
* * * LOW HITPOINT WARNING * * *
The eight-headed hydra bites you but does no damage.
The eight-headed hydra bites you.
You die...

##.######.#
#.....##.......)).
#....
##'#######.#####'##..[.
#....###....### #.#
#.##.... #.........'.#
..# #.######
#...........#.# ### #.#
#.....###.....#.#
##.... #.#'###.# #####
.'... ...#....D#......
. ##... ..#....#≈@≈#
#.. ...#....≈≈≈≈≈# ###
## #....≈≈≈≈≈#
###≈≈≈≈≈≈≈# #≈≈≈≈≈≈≈#
##≈≈≈≈≈≈# ##≈≈≈≈≈#
##≈≈≈##


You could see an eight-headed hydra.

Vanquished Creatures
  Josephine (D:11)
  Erolcha (D:11)
  2 two-headed ogres
  A deep elf pyromancer (D:12)
  Pikel (D:7)
  A cyclops (D:11)
  An ugly thing (D:12)
  A manticore (D:11)
  Maurice (D:11)
  4 trolls
  A shadow (D:11)
  A wyvern (D:11)
  A water elemental (D:12)
  5 wraiths (D:11)
  9 yaks
  A water moccasin (D:10)
  Duvessa (D:6)
  6 sky beasts
  7 orc warriors
  A hornet zombie (D:6)
  2 ice beasts
  A black bear (D:11)
  A necrophage (D:10)
  6 ogres
  5 centaurs
  3 phantoms
  2 lemures (D:7)
  7 bullfrogs
  A big kobold (D:10)
  Dowan (D:6)
  A gnoll sergeant (D:7)
  A wyvern zombie (D:10)
  A wyvern skeleton (D:8)
  2 scorpions
  8 killer bees (D:10)
  A howler monkey (D:8)
  4 electric eels
  A centaur zombie (D:7)
  2 quasits
  5 bullfrog skeletons
  9 orc priests
  2 centaur skeletons
  Crazy Yiuf (D:6)
  3 hounds
  2 jellies
  Jessica (D:2)
  6 iguanas
  19 orc wizards
  8 worker ants
  Terence (D:3)
  A killer bee zombie (D:10)
  A hound zombie (D:8)
  3 hound skeletons
  Robin (D:4)
  6 gnolls
  A howler monkey skeleton (D:6)
  12 adders
  A shadow imp (D:8)
  4 white imps
  3 ufetubi
  3 oozes
  An adder zombie (D:8)
  4 adder skeletons
  4 dart slugs (D:2)
  3 worms
  7 leopard geckos
  56 orcs
  9 bats
  8 giant cockroaches
  5 hobgoblins
  10 jackals
  10 kobolds
  6 quokkas
  2 ball pythons
  5 frilled lizards
  21 goblins
  A leopard gecko skeleton (D:4)
  2 quokka skeletons
  4 rats
348 creatures vanquished.

Vanquished Creatures (others)
  An orc (D:11)
1 creature vanquished.

Grand Total: 349 creatures vanquished

Notes
Turn   | Place    | Note
-------+----------+-------------------------------------------
     0 | D:1      | kae the Draconian Transmuter began the quest for the Orb.
     0 | D:1      | Reached XP level 1. HP: 16/16 MP: 3/3
   452 | D:1      | Reached XP level 2. HP: 9/23 MP: 3/5
  1757 | D:2      | Reached XP level 3. HP: 22/29 MP: 4/6
  1968 | D:2      | HP: 1/29 [goblin/+0 dagger (2)]
  2631 | D:2      | Learned a level 3 spell: Spider Form
  2649 | D:2      | Reached XP level 4. HP: 21/36 MP: 5/7
  3143 | D:2      | Noticed Jessica
  3149 | D:2      | Killed Jessica
  3359 | D:3      | Reached skill level 4 in Unarmed Combat
  3795 | D:3      | Reached skill level 1 in Poison Magic
  4007 | D:3      | Found an ancient bone altar of Kikubaaqudgha.
  4160 | D:3      | Reached XP level 5. HP: 41/41 MP: 6/8
  4350 | D:3      | Noticed Terence
  4362 | D:3      | Killed Terence
  5320 | D:4      | Found a burning altar of Makhleb.
  5329 | D:4      | Reached XP level 6. HP: 41/50 MP: 8/10
  5425 | D:4      | Noticed Robin
  5461 | D:4      | Killed Robin
  6255 | D:5      | Entered Level 5 of the Dungeon
  6285 | D:5      | Your scales start taking on a glossy black colour.
  6285 | D:5      | Reached XP level 7. HP: 57/57 MP: 7/11
  6285 | D:5      | Gained mutation: You are resistant to electric shocks.
                  | (rElec) [Black Draconian growth]
  6291 | D:5      | Reached skill level 5 in Unarmed Combat
  7046 | D:5      | Found a staircase to the Ecumenical Temple.
  7208 | Temple   | Entered the Ecumenical Temple
  7448 | Temple   | Became a worshipper of Ru the Awakened
  7746 | D:6      | Reached skill level 6 in Unarmed Combat
  7746 | D:6      | Reached XP level 8. HP: 42/66 MP: 13/13
  7962 | D:6      | Learned a level 4 spell: Ice Form
  7968 | D:6      | Learned a level 5 spell: Blade Hands
  7971 | D:6      | Found a runed translucent door.
  7972 | D:6      | Noticed Crazy Yiuf
  8210 | D:6      | Noticed Duvessa
  8210 | D:6      | Noticed Dowan
  8231 | D:6      | Killed Duvessa
  8245 | D:6      | Killed Dowan
  8246 | D:6      | Reached skill level 1 in Ice Magic
  8633 | D:6      | Killed Crazy Yiuf
  8975 | D:7      | Found a blossoming altar of Fedhas.
  9071 | D:7      | Reached skill level 7 in Unarmed Combat
  9076 | D:7      | Gained mutation: You cannot be stealthy. [Ru sacrifice]
  9348 | D:7      | Reached XP level 9. HP: 71/73 MP: 11/15
  9561 | D:7      | Noticed Pikel
  9573 | D:7      | Killed Pikel
  9574 | D:7      | Reached skill level 5 in Fighting
  9790 | D:8      | Reached skill level 5 in Transmutations
 10374 | D:8      | Found a shimmering altar of Xom.
 10770 | D:8      | Reached skill level 8 in Unarmed Combat
 11035 | D:8      | Found an iron altar of Okawaru.
 11035 | D:8      | Found a hazy altar of Hepliaklqana.
 11388 | D:9      | Reached skill level 5 in Spellcasting
 11426 | D:9      | Found a staircase to the Lair.
 11473 | D:9      | Identified the +4 ring mail of Untruth {Rampage Str-5
                  | Slay+5}
 11562 | D:9      | Reached skill level 5 in Dodging
 11840 | D:9      | Noticed a troll
 11849 | D:9      | Killed a troll
 11850 | D:9      | Reached XP level 10. HP: 82/83 MP: 17/17
 11934 | D:9      | Found a snail-covered altar of Cheibriados.
 11934 | D:9      | Found a white marble altar of Elyvilon.
 11940 | D:9      | Found a broken altar of Ashenzari.
 11942 | D:9      | Found a faded altar of an unknown god.
 11944 | D:9      | Found a shadowy altar of Dithmenos.
 12007 | D:9      | Noticed a two-headed ogre
 12017 | D:9      | Killed a two-headed ogre
 12091 | D:9      | Found a radiant altar of Vehumet.
 12320 | D:10     | Entered Level 10 of the Dungeon
 12337 | D:10     | Reached skill level 9 in Unarmed Combat
 12548 | D:10     | Found a glowing golden altar of the Shining One.
 12599 | D:10     | HP: 5/100 [bullfrog skeleton (1)]
 12600 | D:10     | HP: 2/100 [orc priest/nerve-wracking pain (10)]
 13261 | D:11     | Noticed Erolcha
 13271 | D:11     | Killed Erolcha
 13455 | D:11     | Noticed Josephine
 13463 | D:11     | Noticed a cyclops
 13600 | D:11     | Noticed a manticore
 13604 | D:11     | Killed a manticore
 13683 | D:11     | Killed a cyclops
 13684 | D:11     | Reached skill level 10 in Unarmed Combat
 13684 | D:11     | Reached XP level 11. HP: 47/92 MP: 20/20
 13999 | D:11     | Noticed a two-headed ogre
 14008 | D:11     | Killed Josephine
 14019 | D:11     | Killed a two-headed ogre
 14027 | D:11     | Noticed Maurice
 14072 | D:11     | Killed Maurice
 14202 | D:11     | Found a staircase to the Orcish Mines.
 14644 | D:12     | Noticed a deep elf pyromancer
 14653 | D:12     | Killed a deep elf pyromancer
 14654 | D:12     | Reached skill level 11 in Unarmed Combat
 14775 | D:12     | Noticed a purple ugly thing
 14786 | D:12     | Killed a purple ugly thing
 15385 | D:12     | Noticed a six-headed hydra
 15404 | D:12     | Slain by an eight-headed hydra

Illustrated notes

Levels and vault maps discovered:
D:1:      tarquinn_simple_flora_water_c, layout_loops_corners
D:2:      layout_loops_cross, corner_web_ring, uniq_jessica
D:3:      layout_basic, marbit_many_paths, uniq_terence
D:4:      layout_gridville, makhleb_blood_cavern_becter, uniq_robin
D:5:      layout_loops_ring, temple_doors_e
D:6:      layout_loops_ring, uniq_crazy_yiuf_cottage, uniq_duvessa
D:7:      layout_gridville, fedhas_altar_1, uniq_pikel
D:8:      layout_layer_cave, gammafunk_temple_overflow_elements,
          kennysheep_mini, hangedman_decor_diamond_cutter
D:9:      layout_big_octagon, vehumet_crystals,
          chequers_temple_overflow_minitemple, lair_entry_dummy, minivault_25
D:10:     layout_cave_pools, tso_metal_star
D:11:     layout_roguey, erik_orc_2, uniq_josephine, uniq_erolcha, uniq_maurice
D:12:     kennysheep_windowed_halls, layout_basic
Temple:   hc_temple_tempest_star

Skill      XL: |  1  2  3  4  5  6  7  8  9 10 11 |
---------------+----------------------------------+-----
Dodging        | 2 3 4 5 6 7 |  7.2
Fighting       | 2 3 4 6 7 8 |  8.5
Unarmed Combat | 4 6 7 8 10 11 | 11.3
Poison Magic   | 1 2 3 |  3.0
Transmutations | 3 4 5 6 7 |  7.9
Spellcasting   | 3 4 5 6 7 |  7.2
Ice Magic      | 2 4 |  4.0

Action                   |  1- 3 |  4- 6 |  7- 9 | 10-12 || total
-------------------------+-------+-------+-------+-------++-------
Melee: Unarmed           |   132 |   198 |   431 |   338 ||  1099
       Tailslap          |    16 |    15 |     8 |    11 ||    50
       Kick              |    10 |    15 |       |       ||    25
       Headbutt          |     4 |     8 |       |       ||    12
       Punch             |       |     2 |     4 |     1 ||     7
 Cast: Beastly Appendage |    21 |    29 |       |       ||    50
       Spider Form       |       |    12 |    54 |       ||    66
       Ice Form          |       |       |     4 |    22 ||    26
       Blade Hands       |       |       |       |    15 ||    15
Invok: Sacrifice Stealth |       |       |     1 |       ||     1
       Reject Sacrifices |       |       |     1 |       ||     1
 Abil: Breathe Lightning |       |       |       |     1 ||     1
  Use: Potion            |     2 |       |       |     2 ||     4
       Scroll            |       |    13 |       |    11 ||    24
Armor: Skin              |    48 |    44 |    81 |   116 ||   289
Dodge: Dodged            |   100 |   197 |   364 |   223 ||   884

Table legend: (Time is in decaauts)
 A = Elapsed time spent in this place.
 B = Non-inter-level travel time spent in this place.
 C = Inter-level travel time spent in this place.
 D = Time resting spent in this place.
 E = Time spent auto-exploring this place.
 F = Levels seen in this place.
 G = Mean time per level.
                   A        B        C        D        E       F      G
               +--------+--------+--------+--------+--------+-----+--------+
         Total |  15284 |  14944 |    340 |   1954 |  10639 |  13 | 1175.7 |
       Dungeon |  15022 |  14728 |    294 |   1954 |  10426 |  12 | 1251.8 |
        Temple |    261 |    216 |     45 |      0 |    213 |   1 |  261.0 |
               +--------+--------+--------+--------+--------+-----+--------+

Top non-repeatable levels by time:
     D:2: 2219 daAuts
     D:8: 1756 daAuts
    D:11: 1446 daAuts
     D:1: 1400 daAuts
     D:4: 1397 daAuts
     D:3: 1211 daAuts
     D:6: 1184 daAuts
     D:7: 1028 daAuts
     D:5: 988 daAuts
    D:10: 853 daAuts
     D:9: 788 daAuts
    D:12: 747 daAuts
  Temple: 261 daAuts
